 Dungeon Crawl Stone Soup version 0.29-a0-716-gf28ee254f9 (webtiles) character file.

Game seed: 725809865565236935

4422 Querens the Protected (level 10, -8/88 HPs)
             Began as a Meteoran Fighter on June 26, 2022.
             Was an Elder of Okawaru.
             Mangled by Joseph
             ... wielding a +0 quarterstaff
              (19 damage)
             ... on level 8 of the Dungeon.
             The game lasted 00:15:28 (3992 turns).

Querens the Protected (Meteoran Fighter)            Turns: 3992, Time: 00:15:29

Health: -8/88      AC: 12    Str: 29    XL:     10   Next: 93%
Magic:  11/11      EV: 14    Int:  9    God:    Okawaru [****..]
Gold:   494        SH:  6    Dex: 14    Spells: 9/9 levels left

rFire   + . .      SeeInvis .   a - +0 war axe
rCold   + . .      Faith    .   c - +0 buckler
rNeg    . . .      Spirit   .   G - +0 chain mail
rPois   +          Reflect  .   (no helmet)
rElec   +          Harm     .   (no cloak)
rCorr   +          Rampage  .   (no gloves)
Will    +....                   k - +0 pair of boots
Stlth   ..........              (no amulet)
HPRegen 0.24/turn               i - +4 ring of evasion
MPRegen 0.12/turn               t - +6 ring of strength

@: mighty, resistant, glowing
A: sense surroundings 2, otherworldly, glowing, explore regen
a: Renounce Religion, Heroism, Finesse


You were on level 8 of the Dungeon.
You worshipped Okawaru.
Okawaru was greatly pleased with you.
You visited 2 branches of the dungeon, and saw 9 of its levels.

You collected 494 gold pieces.

Inventory:

Hand Weapons
 a - a +0 war axe (weapon)
Missiles
 l - a curare-tipped dart (quivered)
Armour
 c - a +0 buckler (worn)
 k - a +0 pair of boots (worn)
 G - a +0 chain mail (worn)
 H - +0 acid dragon scales
Magical Staves
 o - a staff of death
Jewellery
 i - a +4 ring of evasion (left hand)
 t - a +6 ring of strength (right hand)
 w - an amulet of magic regeneration
 z - a ring of magical power
Wands
 j - a wand of iceblast (18)
 x - a wand of mindburst (3)
 C - a wand of polymorph (11)
Scrolls
 b - a scroll of identify
 f - 2 scrolls of enchant weapon {unknown}
 g - 3 scrolls of magic mapping {unknown}
 h - 3 scrolls of teleportation
 r - 2 scrolls of noise {unknown}
 u - a scroll of blinking {unknown}
 y - 2 scrolls of immolation {unknown}
 B - 2 scrolls of poison {unknown}
 E - 2 scrolls of fear {unknown}
 F - a scroll of torment {unknown}
Potions
 e - 3 potions of brilliance
 m - 2 potions of lignification {unknown}
 n - a potion of haste {unknown}
 p - 6 potions of curing
 q - 3 potions of flight
 s - 2 potions of mutation
 v - 2 potions of attraction
 D - a potion of ambrosia {unknown}


   Skills:
 + Level 7.9 Fighting
 + Level 8.2 Axes
 + Level 8.6 Armour
 - Level 5.0 Dodging
 + Level 8.6 Shields
 + Level 6.4 Evocations


You had 9 spell levels left.
You didn't know any spells.
Your spell library contained the following spells:

 Spells                   Type           Power      Damage    Failure   Level
 Slow                     Hex            0%         N/A       91%         1
 Confusing Touch          Hex            0%         N/A       100%        3
 Gell's Gravitas          Tloc           0%         N/A       100%        3
 Ignite Poison            Fire/Tmut/Pois 0%         N/A       100%        3
 Mephitic Cloud           Conj/Pois/Air  0%         N/A       100%        3
 Teleport Other           Tloc           0%         N/A       100%        3
 Vampiric Draining        Necr           0%         2d6       100%        3
 Passage of Golubria      Tloc           0%         N/A       100%        4
 Freezing Cloud           Conj/Ice/Air   0%         6-21      100%        5
 Yara's Violent Unravell  Hex/Tmut       0%         3d3       100%        5
 Dispersal                Tloc           0%         N/A       100%        6
 Tukima's Dance           Hex            Unusable   N/A       N/A         3

Dungeon Overview and Level Annotations

Branches:
Dungeon (8/15) Zot: 737    Temple (1/1) D:4 Zot: 529    Lair (0/6) D:8

Altars:
Ashenzari
Cheibriados
Dithmenos
Elyvilon
Fedhas
Gozag
Kikubaaqudgha
Makhleb
Nemelex Xobeh
Okawaru
Ru
Sif Muna
Trog
Uskayaw
Vehumet
Wu Jian
Xom
Yredelemnul
Zin
The Shining One

Shops:
D:5 **:

Annotations:
D:4 1 runed translucent door
D:8 Joseph


Innate Abilities, Weirdness & Mutations

You passively map the area around you.
You are easily found by Zot.
You glow in the dark.
You regain HP and MP as you explore.


Message History

Things that are here:
a +0 whip; 3 poisoned darts; a kobold corpse
Items here: ( ) [ †.
H - +0 acid dragon scales Unknown command.
There is a stone staircase leading up here.
Found 13 gold pieces.
You now have 481 gold pieces (gained 7).
You now have 494 gold pieces (gained 13).
Found a scroll labelled ABIQ ICETO.
Joseph, a Mercenary comes into view.
He is wielding a +0 quarterstaff.
Joseph shouts!
Joseph unwields a +0 quarterstaff.
Joseph wields a +0 sling.
Joseph shoots a sling bullet.
The sling bullet closely misses you.
You fail to use your ability.
Joseph unwields a +0 sling.
Joseph wields a +0 quarterstaff.
Joseph drinks a potion.
Joseph goes berserk!
Joseph hits you with a +0 quarterstaff! Joseph closely misses you.
You feel very mighty all of a sudden. Joseph hits you with a +0 quarterstaff!
You closely miss Joseph. Joseph misses you. You block Joseph's attack.
You barely miss Joseph. Joseph closely misses you.
Joseph hits you with a +0 quarterstaff!!
You slash Joseph!
Joseph is lightly wounded.
Joseph barely misses you.
You slice Joseph!!
Joseph is heavily wounded.
Joseph hits you with a +0 quarterstaff!!
* * * LOW HITPOINT WARNING * * *
Joseph hits you with a +0 quarterstaff.
* * * LOW HITPOINT WARNING * * *
Okay, then.
It was a potion of resistance.
You feel protected. Joseph hits you with a +0 quarterstaff.
* * * LOW HITPOINT WARNING * * *
You feel better.
Joseph hits you with a +0 quarterstaff!!
You die...

*### ##..# ##.##
##########...# *##
###............# ##..
##..............###.#
#...@@.####.........#
#.....## ###.......#
#...... , ##......#
#....... ###....#
#.^......,, ##.<.#
##....####, ##))#
#....# , #.)## #...##
* ##..# , , * ##..


You could see Joseph (berserk).

Vanquished Creatures
  Pikel (D:6)
  The ghost of Bruhh the Insei, a novice DgTm (D:5)
  The ghost of emergency the Shield-Bearer, an amateur GnFi (D:4)
  Prince Ribbit (D:6)
  Eustachio (D:5)
  Menkaure (D:5)
  An acid dragon (D:8)
  2 water moccasins
  An ice beast (D:7)
  3 black bears
  A centaur (D:5)
  2 ogres
  An orc warrior (D:7)
  2 lemures (D:6)
  4 phantoms
  2 kobold brigands
  Blork the orc (D:6)
  A bullfrog (D:7)
  A scorpion (D:4)
  5 necrophages
  4 wights (D:6)
  2 howler monkeys (D:7)
  3 orc priests
  7 hounds
  A jelly (D:5)
  Jessica (D:2)
  An iguana (D:5)
  An orc wizard (D:5)
  7 adders
  3 gnolls
  A river rat (D:4)
  A shadow imp (D:7)
  A white imp (D:6)
  An ufetubus (D:7)
  6 dart slugs
  11 orcs
  5 bats
  6 endoplasms
  A giant cockroach (D:2)
  10 goblins
  3 hobgoblins
  5 jackals
  16 kobolds
  3 quokkas
  12 ball pythons
  A frilled lizard (D:3)
  5 rats
  A spectral goblin (D:2)
152 creatures vanquished.

Vanquished Creatures (others)
  3 plants (D:4)
3 creatures vanquished.

Grand Total: 155 creatures vanquished

Notes
Turn   | Place    | Note
-------+----------+-------------------------------------------
     0 | D:1      | Querens the Meteoran Fighter began the quest for the Orb.
     0 | D:1      | Reached XP level 1. HP: 19/19 MP: 2/2
    39 | D:1      | Reached XP level 2. HP: 15/26 MP: 3/3
   170 | D:1      | Reached XP level 3. HP: 31/31 MP: 4/4
   872 | D:3      | Found an opulent altar of Gozag.
   959 | D:2      | Found a faded altar of an unknown god.
   991 | D:2      | Noticed Jessica
   998 | D:2      | Killed Jessica
   999 | D:2      | Reached skill level 1 in Dodging
   999 | D:2      | Reached XP level 4. HP: 24/40 MP: 5/5
  1413 | D:4      | Found a basalt altar of Yredelemnul.
  1417 | D:4      | Reached XP level 5. HP: 20/46 MP: 6/6
  1651 | D:4      | Reached XP level 6. HP: 52/52 MP: 7/7
  1674 | D:4      | Found a staircase to the Ecumenical Temple.
  1683 | Temple   | Entered the Ecumenical Temple
  1747 | Temple   | Became a worshipper of Warmaster Okawaru
  1853 | D:4      | Found a runed translucent door.
  1854 | D:4      | Noticed an ogre
  1862 | D:4      | Killed an ogre
  1863 | D:4      | Reached skill level 5 in Armour
  1869 | D:4      | Noticed emergency's ghost (amateur GnFi)
  1883 | D:4      | Killed emergency's ghost
  1883 | D:4      | Reached * piety under Okawaru
  1884 | D:4      | Reached skill level 5 in Shields
  1884 | D:4      | Reached XP level 7. HP: 20/60 MP: 8/8
  1956 | D:4      | Reached skill level 5 in Fighting
  1956 | D:4      | Reached XP level 8. HP: 58/68 MP: 9/9
  2008 | D:4      | Found a runed translucent door.
  2065 | D:5      | Entered Level 5 of the Dungeon
  2077 | D:5      | Reached skill level 5 in Axes
  2106 | D:5      | Reached skill level 1 in Evocations
  2141 | D:5      | Found Liecwif's Book Boutique.
  2142 | D:5      | Found Ozafikeu's Assorted Antiques.
  2142 | D:5      | Found Qetukko's General Store.
  2279 | D:5      | Found an ornate altar of the Wu Jian Council.
  2368 | D:5      | Noticed Eustachio
  2382 | D:5      | Killed Eustachio
  2382 | D:5      | Reached ** piety under Okawaru
  2414 | D:5      | Found a large runed translucent door.
  2416 | D:5      | Found a large runed translucent door.
  2497 | D:5      | Noticed Bruhh's ghost (novice DgTm)
  2497 | D:5      | Noticed Menkaure
  2504 | D:5      | Gained mutation: You passively map the area around you.
                  | [Meteoran growth]
  2504 | D:5      | Reached XP level 9. HP: 63/75 MP: 10/10
  2510 | D:5      | Killed Menkaure
  2593 | D:5      | Reached skill level 5 in Dodging
  2605 | D:5      | Found a glowing golden altar of the Shining One.
  2605 | D:5      | Found a white marble altar of Elyvilon.
  2605 | D:5      | Found a glowing silver altar of Zin.
  2651 | D:5      | Killed Bruhh's ghost
  2906 | D:6      | Reached *** piety under Okawaru
  2929 | D:6      | Reached XP level 10. HP: 43/80 MP: 11/11
  2964 | D:6      | Noticed Prince Ribbit
  2972 | D:6      | Killed Prince Ribbit
  2973 | D:6      | Reached skill level 5 in Evocations
  3001 | D:6      | Noticed Pikel
  3010 | D:6      | Killed Pikel
  3117 | D:6      | Noticed Blork the orc
  3122 | D:6      | Killed Blork the orc
  3367 | D:7      | Reached **** piety under Okawaru
  3683 | D:7      | Found a bloodstained altar of Trog.
  3980 | D:8      | Noticed Joseph
  3991 | D:8      | HP: 3/88 [Joseph/+0 quarterstaff (4)]
  3992 | D:8      | Mangled by Joseph

Illustrated notes

Levels and vault maps discovered:
D:1:      lemuel_arrival_muddy, layout_rooms
D:2:      layout_basic, dreamdust_ecumenical_altar_drowned_temple, uniq_jessica
D:3:      layout_loops_ring, amcnicky_altar_gilded, roderic_lattice_a
D:4:      layout_cave_pools, mainiacjoe_overflow_chevrons, temple_hall,
          ebering_ghost_sewer_f, hangedman_feature_mirror,
          guppyfry_early_lair_pool
D:5:      layout_cave_pools, dreamdust_divine_triumvirate,
          mainiacjoe_overflow_alcove_4, ebering_ghost_disaster_area,
          nicolae_wooded_promenade, chequers_serial_rivers_small_3,
          chequers_serial_rivers_marsh, chequers_serial_rivers_micro_a,
          uniq_eustachio, uniq_menkaure
D:6:      layout_basic, uniq_blork_the_orc, uniq_pikel, uniq_prince_ribbit1
D:7:      layout_loops_ring, mainiacjoe_overflow_brackets
D:8:      layout_layer_cave, nicolae_qazlal_scattered_showers, lair_entry_dummy,
          nicolae_straight_to_the_point, uniq_joseph
Temple:   compressed_dpeg_triangle_lava_temple

Skill      XL: |  1  2  3  4  5  6  7  8  9 10 |
---------------+-------------------------------+-----
Armour         | 4 5 6 7 8 |  8.6
Shields        | 4 5 6 7 8 |  8.6
Axes           | 3 4 5 6 8 |  8.2
Dodging        | 1 2 3 4 5 |  5.0
Fighting       | 4 5 6 7 |  7.9
Evocations     | 2 4 6 |  6.4

Action                   |  1- 3 |  4- 6 |  7- 9 | 10-12 || total
-------------------------+-------+-------+-------+-------++-------
Melee: War axe           |    80 |    88 |   173 |   157 ||   498
Invok: Heroism           |       |       |     4 |     1 ||     5
Evoke: Wand              |       |       |     4 |     7 ||    11
  Use: Potion            |       |     1 |       |     3 ||     4
       Scroll            |       |       |     5 |     2 ||     7
Armor: Scale mail        |    51 |    34 |    75 |    43 ||   203
       Chain mail        |       |       |       |    10 ||    10
Dodge: Dodged            |    36 |    58 |   119 |    85 ||   298
Block: Buckler           |    23 |    23 |    79 |    34 ||   159

Table legend: (Time is in decaauts)
 A = Elapsed time spent in this place.
 B = Non-inter-level travel time spent in this place.
 C = Inter-level travel time spent in this place.
 D = Time resting spent in this place.
 E = Time spent auto-exploring this place.
 F = Levels seen in this place.
 G = Mean time per level.
                   A        B        C        D        E       F      G
               +--------+--------+--------+--------+--------+-----+--------+
         Total |   4131 |   3658 |    473 |      0 |      0 |   9 |  459.0 |
       Dungeon |   4061 |   3610 |    451 |      0 |      0 |   8 |  507.6 |
        Temple |     70 |     48 |     22 |      0 |      0 |   1 |   70.0 |
               +--------+--------+--------+--------+--------+-----+--------+

Top non-repeatable levels by time:
     D:6: 676 daAuts
     D:5: 646 daAuts
     D:2: 620 daAuts
     D:3: 598 daAuts
     D:7: 534 daAuts
     D:4: 431 daAuts
     D:1: 425 daAuts
     D:8: 127 daAuts
  Temple: 70 daAuts
